 Dungeon Crawl Stone Soup version 0.17.0-24-gcfadda4 (webtiles) character file.

310 Raultor the Insei (level 6, -3/43 HPs)
             Began as an Octopode Monk on Nov 17, 2015.
             Slain by Raultor's ghost (6 damage)
             ... on level 3 of the Dungeon.
             The game lasted 00:07:25 (2931 turns).

Raultor the Insei (Octopode Monk)                   Turns: 2931, Time: 00:07:25

Health: -3/43      AC:  1    Str: 11    XL:     6   Next: 41%
Magic:  6/6        EV: 14    Int: 13    God:
Gold:   81         SH:  0    Dex: 15    Spells: 0 memorised, 5 levels left

rFire  . . .     SeeInvis +       - Unarmed
rCold  . . .     Clarity  .     (no shield)
rNeg   . . .     SustAt   .     (helmet restricted)
rPois  .         Gourm    .     g - amulet of resist corrosion
rElec  .         Spirit   .     f - ring of see invisible
rCorr  +         Warding  .     (no ring)
rMut   .         Stasis   .     (no ring)
MR     .....                    (no ring)
Stlth  +++.......               (no ring)
                                (no ring)
                                (no ring)
                                (no ring)

@: not resistant to hostile enchantments, fairly stealthy
A: almost no armour, amphibious, 8 rings, constrict 8, camouflage 1, gelatinous
body 1
a: no special abilities


You were on level 3 of the Dungeon.
You were hungry.

You visited 1 branch of the dungeon, and saw 3 of its levels.

You collected 81 gold pieces.

Inventory:

Jewellery
 f - a ring of see invisible (left tentacle)
 g - an amulet of resist corrosion (around mantle)
Scrolls
 b - 2 scrolls of fear {unknown}
 c - 2 scrolls of remove curse {unknown}
 e - 4 scrolls of recharging {unknown}
 h - 3 scrolls of identify {unknown}
 n - a scroll of noise {unknown}
Potions
 i - a potion of heal wounds {unknown}
 k - a potion of ambrosia {unknown}
 l - a potion of mutation {unknown}
Comestibles
 a - a bread ration
 d - 3 fruits
 j - 4 chunks of flesh


   Skills:
 + Level 4.1 Fighting
 + Level 4.8 Dodging
 - Level 2.6 Stealth
 + Level 5.7 Unarmed Combat


You had 5 spell levels left.
You didn't know any spells.

Dungeon Overview and Level Annotations

Branches:
Dungeon (3/15)

Altars:
Fedhas

Annotations:
D:3 Raultor's ghost, amateur OpTm; Sigmund


Innate Abilities, Weirdness & Mutations

You cannot wear most types of armour.
You are amphibious.
You can wear up to eight rings at the same time.
You can use your tentacles to constrict eight enemies at once.
Your skin changes colour to match your surroundings (Stealth).
Your rubbery body absorbs attacks (AC +1).


Message History

You barely miss Raultor's ghost.
Raultor's ghost is severely damaged.
Raultor's ghost hits you.
* * * LOW HITPOINT WARNING * * *
Drink which item? (? for menu, Esc to quit)
You feel better. Raultor's ghost misses you.
You completely miss Raultor's ghost.
Raultor's ghost is severely damaged.
Raultor's ghost hits you!
* * * LOW HITPOINT WARNING * * *
You completely miss Raultor's ghost. Your squeeze misses Raultor's ghost.
Raultor's ghost is severely damaged.
Raultor's ghost closely misses you.
You tentacle-slap Raultor's ghost. Your squeeze misses Raultor's ghost.
Raultor's ghost is severely damaged.
Raultor's ghost completely misses you.
You barely miss Raultor's ghost.
Raultor's ghost is severely damaged.
Raultor's ghost hits you.
You die...

#.#####. ### #.# #. ..#
#.# #. #.# #.# #.
#.#######.# #. #.##......#
#. ###.##.###### #.
#####.........(..# #.
#....@W....#####.# #.
#.###.#.##.#####.####. #.#
#.#....##.......#. #.#
#.####.......##.#.
#####.###.# #.##.##.##.#.
#....#.##.# #............
#.###.###.####.##.##.##.##
#.# ### #............##.##
#.# #########.......##


You could see Raultor's ghost.

Vanquished Creatures
  Crazy Yiuf (D:2)
  A jelly (D:1)
  An orc priest (D:3)
  Terence (D:2)
  Robin (D:3)
  5 adders
  7 oozes
  6 worms
  4 orcs (D:3)
  8 bats
  8 giant cockroaches (D:1)
  10 hobgoblins
  11 jackals (D:1)
  A quokka (D:2)
  7 giant newts
  12 goblins
  5 kobolds
  11 rats
100 creatures vanquished.

Notes
Turn   | Place    | Note
--------------------------------------------------------------
     0 | D:1      | Raultor the Octopode Monk began the quest for the Orb.
     0 | D:1      | Reached XP level 1. HP: 16/16 MP: 1/1
     1 | D:1      | Found a runed door.
     3 | D:1      | Noticed a jelly
   125 | D:1      | Reached XP level 2. HP: 21/21 MP: 2/2
   442 | D:1      | Reached XP level 3. HP: 14/26 MP: 3/3
   867 | D:1      | Killed a jelly
   867 | D:1      | Reached XP level 4. HP: 6/33 MP: 4/4
  1119 | D:1      | Reached skill level 5 in Unarmed Combat
  1234 | D:2      | Found a blossoming altar of Fedhas.
  1238 | D:2      | Noticed Terence
  1250 | D:2      | Killed Terence
  1250 | D:2      | Reached XP level 5. HP: 30/37 MP: 5/5
  2092 | D:2      | Noticed Crazy Yiuf
  2098 | D:2      | Killed Crazy Yiuf
  2156 | D:2      | Reached XP level 6. HP: 38/43 MP: 6/6
  2375 | D:3      | Noticed Sigmund
  2632 | D:3      | Noticed Robin
  2646 | D:3      | Killed Robin
  2908 | D:3      | Noticed Raultor's ghost (amateur OpTm)
  2926 | D:3      | HP: 2/43 [Raultor's ghost (4)]
  2931 | D:3      | Slain by Raultor's ghost

Action                   |  1- 3 |  4- 6 || total
-------------------------+-------+-------++-------
Melee: Unarmed           |    67 |   186 ||   253
  Use: Potion            |       |     2 ||     2
 Stab: Sleeping          |     6 |    11 ||    17
  Eat: Chunk             |       |     6 ||     6
